Map: Coda LE (Void)

Players

Bop

  • Race: Terran Terran

炸弹人头号粉丝 - Winner!

  • Race: Terran Terran

VOD

Have the link to the VOD?

Description

Time

  • Played on: May 7, 2015, 5:21 a.m.
  • Length: 4:34
Show
View Real Time Build Order
Export as new Build Order

Bop Terran 

Build Orders:  

Get SALT Encoding   

  12  0:01  SCV  
  13  0:13  SCV  
  14  0:18  Supply Depot  
  14  0:25  SCV  
  15  0:39  SCV  
  15  0:41  Barracks  
  16  0:45  Refinery  
  16  0:51  SCV  
  17  1:03  SCV  
  18  1:10  Barracks  
  18  1:15  SCV  
  19  1:28  Reaper  
  19  1:30  Orbital Command  
  20  1:35  Supply Depot  
  20  1:55  SCV  
  20  1:58  Reaper  
  22  2:05  Reaper  
  23  2:10  SCV  
  23  2:12  Barracks x2  
  24  2:17  Refinery  
  24  2:26  SCV  
  25  2:30  Reaper  
  26  2:38  SCV  
  27  2:50  Reaper  
  28  2:51  SCV  
  28  3:01  Reaper  
  28  3:04  SCV  
  30  3:11  Reaper  
  31  3:16  SCV  
  31  3:17  Command Center  
  31  3:19  Reaper  
  33  3:24  Reaper  
  34  3:28  SCV  
  35  3:35  Reaper  
  36  3:45  Command Center  
  36  3:53  SCV  
  37  3:59  Barracks Reactor  
  37  4:03  Barracks Tech Lab  
  37  4:14  Barracks Tech Lab  
Show
View Real Time Build Order
Export as new Build Order

炸弹人头号粉丝 Terran - Winner!

Build Orders: Siege Tank Drop 

Get SALT Encoding   

  12  0:01  SCV  
  13  0:13  SCV  
  14  0:18  Supply Depot  
  14  0:25  SCV  
  15  0:29  Refinery  
  15  0:39  SCV  
  16  0:50  Barracks  
  16  0:51  SCV  
  17  1:04  SCV  
  18  1:08  Refinery  
  18  1:16  SCV  
  19  1:28  SCV  
  20  1:38  Factory, Marine  
  21  1:42  Orbital Command  
  21  1:49  Supply Depot  
  21  1:57  Barracks Tech Lab  
  21  2:02  Marine  
  21  2:09  SCV  
  21  2:12  Supply Depot  
  22  2:20  Marine  
  22  2:21  Widow Mine  
  25  2:25  SCV  
  26  2:34  Starport  
  26  2:37  SCV  
  27  2:49  Marine  
  26  3:00  SCV, Hellion  
  29  3:07  Marine  
  29  3:09  Supply Depot  
  29  3:11  Medivac  
  29  3:12  SCV  
  33  3:24  SCV  
  33  3:27  Marine  
  33  3:32  Factory Tech Lab  
  34  3:36  SCV  
  35  3:49  Viking, Marine  
  35  3:51  Siege Tank  
  41  3:58  Command Center  
  41  4:05  Supply Depot  
  41  4:06  Marine  
  41  4:09  SCV  
Tags
 
Add a new tag
Caveats
  • Supply blocks, unpowered buildings, or Contaminate may cause inaccurate times.
  • Supply counts are checked every 10 seconds.